 Dungeon Crawl Stone Soup version 0.27-a0-1416-g941b2bd30b (webtiles) character file.

Game seed: 948609646521599486

91 Tocho the Ruffian (level 4, -1/36 HPs)
             Began as a Draconian Transmuter on July 1, 2021.
             Slain by a gnoll (9 damage)
             ... on level 2 of the Dungeon.
             The game lasted 00:03:33 (1947 turns).

Tocho the Ruffian (Draconian Transmuter)            Turns: 1947, Time: 00:03:37

Health: -1/36      AC:  5    Str: 13    XL:     4   Next: 34%
Magic:  3/7        EV: 12    Int: 13    God:
Gold:   48         SH:  0    Dex: 12    Spells: 1/7 levels left

rFire    . . .     SeeInvis .     - Unarmed
rCold    . . .     Faith    .   (no shield)
rNeg     . . .     Spirit   .   (armour unavailable)
rPois    .         Reflect  .   (helmet currently unavailable)
rElec    .         Harm     .   (no cloak)
rCorr    .         Rampage  .   (no gloves)
Will     .....                  (boots currently unavailable)
Stlth    +.........             (no amulet)
HPRegen  0.12/turn              (no ring)
MPRegen  0.10/turn              (no ring)

@: appendages, wereblooded
A: horns 2, talons 2, AC +5, unfitting armour, cold-blooded
a: End Transformation


You were on level 2 of the Dungeon.
You had temporarily grown beastly horns and talons.
You visited 1 branch of the dungeon, and saw 3 of its levels.

You collected 48 gold pieces.

Inventory:

Scrolls
 a - a scroll of summoning {unknown}
 b - 4 scrolls of identify {unknown}
 c - 2 scrolls of amnesia {unknown}
 e - a scroll of holy word {unknown}
 f - 4 scrolls of fear {unknown}
Potions
 d - 2 potions of flight {unknown}


   Skills:
 * Level 1.7 Fighting
 * Level 2.3 Dodging
 + Level 0.4 Stealth
 * Level 4.3 Unarmed Combat
 + Level 2.3 Spellcasting
 * Level 2.1 Transmutations


You had one spell level left.
You knew the following spells:

 Your Spells              Type           Power      Damage    Failure   Level
a - Beastly Appendage     Tmut           12%        N/A       11%         1
b - Wereblood             Tmut           6%         N/A       16%         2
c - Spider Form           Tmut/Pois      2%         N/A       43%         3

Your spell library contained the following spells:

 Spells                   Type           Power      Damage    Failure   Level
 Ice Form                 Ice/Tmut       4%         N/A       85%         4


Dungeon Overview and Level Annotations

Branches:
Dungeon (3/15)

Altars:

Shops:
D:1 [


Innate Abilities, Weirdness & Mutations

You have temporarily grown beastly horns and talons.
Your plain brown scales are hard. (AC +5)
You cannot fit into any form of body armour.
You are cold-blooded and may be slowed by cold attacks.


Message History

The ball python closely misses you. The ball python barely misses you.
The gnoll hits you from afar with a +0 halberd!
The gnoll closely misses you. The ball python barely misses you.
The ball python misses you. The ball python barely misses you.
The ball python grabs you. The ball python constricts you.
You punch the ball python!
You feel a bit better.
You kill the ball python!
You hit the gnoll.
The gnoll is heavily wounded.
Your horns disappear.
Your talons disappear.
Your primal bloodlust is almost over.
The gnoll hits you with a +0 whip.
You completely miss the gnoll.
The gnoll is heavily wounded.
You howl as the wereblood boils in your veins!
You hit the gnoll but do no damage.
The gnoll is heavily wounded.
You howl as the wereblood boils in your veins!
The gnoll hits you with a +0 whip.
You closely miss the gnoll.
Your tail-slap misses the gnoll.
The gnoll is moderately wounded.
The gnoll closely misses you. The gnoll barely misses you.
You hit the gnoll.
The gnoll is heavily wounded.
The gnoll hits you with a +0 whip. The gnoll closely misses you.
You hit the gnoll but do no damage.
The gnoll is heavily wounded.
The gnoll barely misses you.
Casting: Wereblood (safe; 16% risk of failure)
Confirm with . or Enter, or press ? or * to list all spells.
Your blood is freshly infused with primal strength!
The gnoll barely misses you. x2
Casting: Wereblood (safe; 16% risk of failure)
Confirm with . or Enter, or press ? or * to list all spells.
You grow a pair of large bovine horns.
Your feet morph into talons.
The gnoll hits you from afar with a +0 halberd!
* * * LOW HITPOINT WARNING * * *
The gnoll hits you with a +0 whip!
You die...

## .# ### .# #..
.###.########
.#.#.........###########
.#.#..####.....g@......#
.#.......#####g####.####
........>.......<......
.#.............#..#.##.
...............#..#
##.##.#..#####.#..#
#.......# #.#..#
#.#..##.# #.#.##
#.#..##.# #.#..


You could see 2 gnolls.

Vanquished Creatures
  Natasha (twice) (D:2)
  A dart slug (D:1)
  7 ball pythons
  2 bats (D:1)
  6 endoplasms
  A giant cockroach (D:1)
  5 goblins
  2 hobgoblins
  2 quokkas (D:1)
  A frilled lizard (D:2)
  5 kobolds
  3 rats (D:1)
37 creatures vanquished.

Notes
Turn   | Place    | Note
-------+----------+-------------------------------------------
     0 | D:1      | Tocho the Draconian Transmuter began the quest for the Orb.
     0 | D:1      | Reached XP level 1. HP: 16/16 MP: 3/3
   557 | D:1      | Reached XP level 2. HP: 23/23 MP: 5/5
   585 | D:1      | Learned a level 2 spell: Wereblood
   753 | D:1      | Found a faded altar of an unknown god.
   852 | D:1      | Found Amiowkau's Antique Armour Emporium.
  1395 | D:2      | Reached XP level 3. HP: 27/28 MP: 2/6
  1405 | D:2      | Noticed Natasha
  1414 | D:2      | Killed Natasha
  1415 | D:2      | Reached skill level 4 in Unarmed Combat
  1585 | D:2      | Noticed Natasha
  1597 | D:2      | Killed Natasha
  1598 | D:2      | Reached XP level 4. HP: 26/36 MP: 7/7
  1924 | D:3      | Learned a level 3 spell: Spider Form
  1947 | D:2      | Slain by a gnoll

Illustrated notes

Levels and vault maps discovered:
D:1:      dpeg_arrival_water_fire, layout_loops_ring,
          ebering_ecumenical_altar_abandoned, serial_shops, nicolae_shop_stone
D:2:      layout_basic, uniq_natasha
D:3:      layout_basic, minmay_fractal_squares_diagonal_5

Skill      XL: |  1  2  3 |
---------------+----------+-----
Dodging        | 2 |  2.3
Unarmed Combat | 4 |  4.3
Fighting       | |  1.7
Stealth        | |  0.4
Spellcasting   | |  2.3
Transmutations | |  2.1

Action                   |  1- 3 |  4- 6 || total
-------------------------+-------+-------++-------
Melee: Unarmed           |   102 |     9 ||   111
       Kick              |     4 |       ||     4
       Headbutt          |     3 |       ||     3
       Tailslap          |    10 |       ||    10
       Punch             |     1 |       ||     1
 Cast: Beastly Appendage |     4 |     2 ||     6
       Wereblood         |     3 |     2 ||     5
Armor: Skin              |    31 |       ||    31
Dodge: Dodged            |    73 |    14 ||    87

Table legend: (Time is in decaauts)
 A = Elapsed time spent in this place.
 B = Non-inter-level travel time spent in this place.
 C = Inter-level travel time spent in this place.
 D = Time resting spent in this place.
 E = Time spent auto-exploring this place.
 F = Levels seen in this place.
 G = Mean time per level.
                   A        B        C        D        E       F      G
               +--------+--------+--------+--------+--------+-----+--------+
         Total |   1950 |   1892 |     58 |    196 |   1410 |   3 |  650.0 |
       Dungeon |   1950 |   1892 |     58 |    196 |   1410 |   3 |  650.0 |
               +--------+--------+--------+--------+--------+-----+--------+

Top non-repeatable levels by time:
     D:1: 1341 daAuts
     D:2: 405 daAuts
     D:3: 203 daAuts
